 Dungeon Crawl Stone Soup version 0.16.1-18-g436b03c (webtiles) character file.

5973 Zupoman the Thaumaturge (level 10, 0/54 HPs)
             Began as a Deep Elf Conjurer on Apr 26, 2015.
             Was a High Priest of Vehumet.
             Succumbed to a killer bee's poison
             ... on level 8 of the Dungeon.
             The game lasted 02:42:38 (9390 turns).

Zupoman the Thaumaturge (Deep Elf Conjurer)         Turns: 9390, Time: 02:42:38

Health: 0/54       AC: 12    Str:  3    XL:     10   Next: 55%
Magic:  3/32       EV: 14    Int: 24    God:    Vehumet [*****.]
Gold:   33         SH:  0    Dex: 13    Spells: 8 memorised, 4 levels left

rFire  + . .     SeeInvis .     E - +4 dagger (protect)
rCold  x . .     Clarity  .     k - +3 leather armour
rNeg   . . .     SustAb   .     (no shield)
rPois  .         Gourm    .     j - +1 helmet
rElec  .         Spirit   .     (no cloak)
rCorr  .         Warding  .     (no gloves)
rMut   .         Stasis   .     (no boots)
MR     ++...                    U - amulet of regeneration
Stlth  +++.......               R - ring of protection from magic
                                g - ring of fire

@: lethally poisoned (0 -> -1), very slightly contaminated, very resistant to
hostile enchantments, fairly stealthy
A: talons 1, clumsy 1, deformed body, deterioration 1, weak 1, placid magic 1,
MP-powered wands 1
a: Renounce Religion


You were on level 8 of the Dungeon.
You worshipped Vehumet.
Vehumet was extremely pleased with you.
You were full.

You visited 1 branch of the dungeon, and saw 9 of its levels.
You also visited: Ossuary.

You collected 351 gold pieces.
You spent 318 gold pieces at shops.

Inventory:

Hand weapons
 u - a +1 dagger
 v - a +2 scythe of freezing
 z - a +1 whip of flaming
 E - a +4 dagger of protection (weapon)
 G - a +0 quarterstaff
 S - a +0 dagger of venom
Armour
 a - a +0 robe
 j - a +1 helmet (worn)
 k - a +3 leather armour (worn)
Magical staves
 V - an uncursed staff of fire
Jewellery
 e - an uncursed amulet of clarity
 g - a ring of fire (left hand)
 i - an uncursed amulet of resist mutation
 s - a cursed ring of teleportation
 R - a ring of protection from magic (right hand)
 U - an amulet of regeneration (around neck)
Magical devices
 n - a wand of slowing (12)
 w - a wand of flame (24)
 y - a wand of hasting (0)
 M - a wand of cold (7)
 N - a wand of slowing (48)
 O - a wand of flame (21)
Scrolls
 d - 3 scrolls of remove curse
 x - 2 scrolls of teleportation
 D - 2 scrolls of blinking {unknown}
 H - a scroll of immolation
 I - a scroll of noise {unknown}
 K - a scroll of fog
 T - 3 scrolls of identify
Potions
 f - 2 potions of cancellation
 l - a potion of magic
 q - a potion of flight
 r - a potion of poison
 J - a potion of agility
 P - a potion of resistance
Books
 c - a book of Conjurations

   Spells                             Type                      Level
   a - Magic Dart                     Conjuration                  1
   b - Searing Ray                    Conjuration                  2
   c - Dazzling Spray                 Conjuration/Hexes            3
   d - Fulminant Prism                Conjuration/Hexes            4
   e - Iskenderun's Mystic Blast      Conjuration                  4
   f - Iskenderun's Battlesphere      Conjuration/Charms           5
 A - a book of Enchantments

   Spells                             Type                      Level
   a - Tukima's Dance                 Hexes                        3
   b - Cause Fear                     Hexes                        4
   c - Silence                        Hexes/Air                    5
   d - Deflect Missiles               Charms/Air                   6
   e - Haste                          Charms                       6
   f - Discord                        Hexes                        8
 B - a book of Unlife

   Spells                             Type                      Level
   a - Recall                         Summoning/Translocation      3
   b - Animate Dead                   Necromancy                   4
   c - Control Undead                 Necromancy                   4
   d - Cigotuvi's Embrace             Necromancy                   5
   e - Death Channel                  Necromancy                   6
   f - Simulacrum                     Ice/Necromancy               6
Miscellaneous
 h - a lantern of shadows
Comestibles
 b - 5 bread rations
 m - 2 meat rations


   Skills:
 + Level 2.5 Fighting
 + Level 1.0 Short Blades
 + Level 3.3 Armour
 + Level 7.5 Dodging
 + Level 5.2 Stealth
 + Level 11.1 Spellcasting
 + Level 10.1 Conjurations
 + Level 7.0 Hexes
 + Level 1.3 Charms
 + Level 0.2 Transmutations
   Level 1.8 Earth Magic
 + Level 0.2 Evocations


You had 4 spell levels left.
You knew the following spells:

 Your Spells              Type           Power        Failure   Level  Hunger
a - Magic Dart            Conj           ####         0%          1    None
b - Searing Ray           Conj           #####.       0%          2    None
c - Dazzling Spray        Conj/Hex       #####...     1%          3    None
d - Iskenderun's Mystic   Conj           #####...     1%          4    None
f - Fulminant Prism       Conj/Hex       #####.....   1%          4    None
g - Iskenderun's Battles  Conj/Chrm      ####....     3%          5    ####...
h - Inner Flame           Hex/Fire       ####....     1%          3    None
i - Irradiate             Conj/Trmt      ####......   5%          5    ####...


Dungeon Overview and Level Annotations

Branches:
Dungeon (9/15)                Orc (0/4) D:9
 Temple: D:4-7         Lair: D:8-11

Altars:
Cheibriados
Elyvilon
Gozag
Nemelex Xobeh
Okawaru
Qazlal
Ru
Sif Muna
Trog
Vehumet
The Shining One

Shops:
D:8 *

Annotations:
D:9 Prince Ribbit


Innate Abilities, Weirdness & Mutations

You have sharp toenails.
You are clumsy. (Dex -2)
Armour fits poorly on your strangely shaped body.
Your body is slowly deteriorating.
You are weak. (Str -2)
Your spells are a little easier to cast, but a little less powerful.
You expend magic power (3 MP) to slightly strengthen your wands.


Message History

Casting: Irradiate
Confirm with . or Enter, or press ? or * to list all spells.
Okay, then.
Evoke which item? (* to show all) (? for menu, Esc to quit)
Zapping:
w - a wand of flame (25)
Press: ? - help, Shift-Dir - straight line, f - bat
Aim: a bat The puff of flame hits the bat.
You kill the bat!
Vehumet accepts your kill.
Vehumet offers you knowledge of Airstrike.
You feel your power returning.
This wand has 24 charges left.
* * * LOW HITPOINT WARNING * * *
You feel sick.
Unknown command.
* * * LOW HITPOINT WARNING * * *
You feel sick.
* * * LOW HITPOINT WARNING * * *
You feel sick.
You die...

....#÷#........#
...#.#.#.......#
..#.#.#.#......#
.#.##.##.#.....#
#.###.###%#..... .# .## #.#
##.#.... #... ## #.#
##.#..####(....
#####.######.#...P........
...........z...#@P..P.PP...P.
...#.....#######.P.P...P.P....
...<.....#### #...P.P.P..P....#
.........Z.÷###...P.####.P.P..#
######..O##.÷÷......# #P..P..#
#.z.#####...P.P# +...P..# #y.z#
##?PPP.####P.....# #.>b#
#..P.P.P...P.P..# #...#
##..P.P...P.P...#


There were no monsters in sight!

Vanquished Creatures
  Pikel (D:3)
  A queen bee (D:8)
  A two-headed ogre (D:8)
  2 wraiths (Ossuary)
  2 yaks (D:8)
  A wyvern (D:9)
  A hippogriff (D:7)
  2 ice beasts
  An ogre (D:7)
  5 sky beasts
  2 black bears
  3 orc warriors
  3 necrophages
  Sigmund (D:7)
  Duvessa (D:4)
  A centaur (D:9)
  A gnoll sergeant (D:5)
  3 giant frogs
  Blork the orc (D:4)
  A scorpion (D:6)
  8 wights
  11 killer bees (D:8)
  2 goliath beetles
  A centaur zombie (D:6)
  3 crimson imps
  Dowan (D:4)
  3 hounds
  A quasit (D:7)
  11 orc wizards
  2 centaur skeletons
  A fulminant prism (D:5)
  6 orc priests
  A jelly (D:5)
  A giant frog skeleton (D:9)
  3 iguanas
  7 worker ants
  A killer bee zombie (D:5)
  Jessica (D:2)
  A worker ant zombie (D:9)
  Robin (D:2)
  3 river rats (D:8)
  6 adders
  4 gnolls (D:5)
  3 worms (D:3)
  An adder zombie (Ossuary)
  3 oozes
  44 orcs
  A ball python (D:1)
  26 bats
  19 goblins
  11 hobgoblins
  3 quokkas
  2 ball python skeletons (Ossuary)
  5 giant cockroaches
  4 giant geckos
  3 giant newts
  A hobgoblin skeleton (Ossuary)
  A hobgoblin zombie (Ossuary)
  3 jackals (D:3)
  7 kobolds
  A kobold zombie (Ossuary)
  An orc zombie (Ossuary)
  19 rats
271 creatures vanquished.

Vanquished Creatures (others)
  A slave (D:4)
  2 orc wizards (D:4)
  18 fulminant prisms
  2 orcs (D:4)
23 creatures vanquished.

Grand Total: 294 creatures vanquished

Notes
Turn   | Place    | Note
--------------------------------------------------------------
     0 | D:1      | Zupoman, the Deep Elf Conjurer, began the quest for the Orb.
     0 | D:1      | Reached XP level 1. HP: 10/10 MP: 5/5
   240 | D:1      | Reached XP level 2. HP: 15/15 MP: 6/8
   495 | D:1      | Learned a level 2 spell: Searing Ray
   665 | D:2      | Found a sparkling altar of Nemelex Xobeh.
   752 | D:2      | Noticed Jessica
   761 | D:2      | Killed Jessica
   761 | D:2      | Reached skill level 5 in Conjurations
   761 | D:2      | Reached XP level 3. HP: 19/19 MP: 8/11
   779 | D:2      | Found a bloodstained altar of Trog.
   845 | D:2      | Noticed Robin
  1221 | D:2      | Found a radiant altar of Vehumet.
  1241 | D:2      | Became a worshipper of Vehumet
  1276 | D:2      | Killed Robin
  1306 | D:2      | Reached XP level 4. HP: 24/24 MP: 2/14
  1474 | D:2      | Found a deep blue altar of Sif Muna.
  1608 | D:2      | Learned a level 3 spell: Dazzling Spray
  1613 | D:2      | Learned a level 4 spell: Iskenderun's Mystic Blast
  1631 | D:3      | Found a white marble altar of Elyvilon.
  1631 | D:3      | Found a snail-covered altar of Cheibriados.
  2230 | D:3      | Found an opulent altar of Gozag.
  2245 | D:3      | Found an iron altar of Okawaru.
  2319 | D:3      | Reached XP level 5. HP: 15/28 MP: 0/18
  2336 | D:3      | Acquired Vehumet's first power
  2336 | D:3      | Offered knowledge of Sandblast by Vehumet.
  3056 | D:4      | Noticed Pikel
  3056 | D:4      | Noticed a slave
  3056 | D:4      | Noticed a slave
  3056 | D:4      | Noticed a slave
  3056 | D:4      | Noticed a slave
  3068 | D:3      | Killed Pikel
  3068 | D:3      | Reached skill level 1 in Armour
  3068 | D:3      | Reached skill level 6 in Spellcasting
  3068 | D:3      | Reached XP level 6. HP: 13/32 MP: 0/22
  3068 | D:3      | Reached XP level 7. HP: 14/36 MP: 0/24
  3388 | D:4      | Noticed Dowan
  3391 | D:4      | Noticed Duvessa
  3393 | D:4      | Killed Dowan
  3419 | D:4      | Killed Duvessa
  3419 | D:4      | Reached skill level 7 in Conjurations
  3578 | D:4      | Learned a level 1 spell: Sandblast
  3583 | D:4      | Learned a level 4 spell: Fulminant Prism
  3666 | D:4      | Found a glowing golden altar of the Shining One.
  3743 | D:4      | Killed a freed slave
  3797 | D:4      | Noticed Blork the orc
  3814 | D:4      | Killed Blork the orc
  4021 | D:5      | Entered Level 5 of the Dungeon
  4045 | D:5      | Reached skill level 1 in Fighting
  4147 | D:5      | Learned a level 5 spell: Iskenderun's Battlesphere
  4189 | D:5      | Offered knowledge of Freeze by Vehumet.
  4235 | D:5      | Reached XP level 8. HP: 24/43 MP: 1/26
  4606 | D:5      | Reached skill level 1 in Earth Magic
  5108 | D:5      | Offered knowledge of Conjure Flame by Vehumet.
  5108 | D:5      | Reached skill level 8 in Spellcasting
  5136 | D:5      | Reached skill level 5 in Dodging
  5450 | D:6      | Found a sand-covered staircase.
  5460 | Ossuary  | Entered an ossuary
  5704 | Ossuary  | Reached skill level 1 in Short Blades
  5865 | Ossuary  | Acquired Vehumet's second power
  5865 | Ossuary  | Reached XP level 9. HP: 48/48 MP: 21/29
  6031 | D:6      | Reached skill level 5 in Hexes
  6587 | D:6      | Offered knowledge of Inner Flame by Vehumet.
  6592 | D:6      | Learned a level 3 spell: Inner Flame
  6692 | D:6      | Reached skill level 9 in Spellcasting
  7200 | D:7      | Acquired Vehumet's third power
  7442 | D:7      | Found a stormy altar of Qazlal.
  7575 | D:7      | Reached skill level 10 in Spellcasting
  7707 | D:7      | Noticed Sigmund
  7725 | D:8      | Gained mutation: Your body is slowly deteriorating. [mutagenic meat]
  7727 | D:8      | Gained mutation: Armour fits poorly on your strangely shaped body. [mutagenic meat]
  7868 | D:7      | Killed Sigmund
  7872 | D:7      | Gained mutation: Your spells are a little easier to cast, but a little less powerful. [potion of mutation]
  7872 | D:7      | Gained mutation: You have sharp toenails. [potion of mutation]
  7872 | D:7      | Gained mutation: You are weak. (Str -2) [potion of mutation]
  7912 | D:8      | Reached XP level 10. HP: 51/53 MP: 21/31
  8131 | D:8      | Offered knowledge of Irradiate by Vehumet.
  8138 | D:8      | Learned a level 5 spell: Irradiate
  8342 | D:8      | Found a sparkling altar of Nemelex Xobeh.
  8395 | D:8      | Found Jutuyn's General Store.
  8417 | D:8      | Bought a scroll of teleportation for 36 gold pieces
  8417 | D:8      | Bought a scroll of identify for 24 gold pieces
  8417 | D:8      | Bought a wand of flame (27) for 174 gold pieces
  8417 | D:8      | Bought a scroll of identify for 24 gold pieces
  8417 | D:8      | Bought a scroll of identify for 24 gold pieces
  8417 | D:8      | Bought a scroll of teleportation for 36 gold pieces
  8678 | D:8      | Reached skill level 5 in Stealth
  8678 | D:8      | Reached skill level 1 in Charms
  8789 | D:8      | Reached skill level 11 in Spellcasting
  8791 | D:8      | Gained mutation: You expend magic power (3 MP) to slightly strengthen your wands. [mutagenic glow]
  8859 | D:9      | Found a staircase to the Orcish Mines.
  8861 | D:9      | Reached skill level 10 in Conjurations
  8874 | D:9      | Gained mutation: You are clumsy. (Dex -2) [mutagenic glow]
  8891 | D:9      | Identified a scroll of acquirement
  9137 | D:9      | Found a sacrificial altar of Ru.
  9182 | D:9      | Noticed Prince Ribbit
  9385 | D:8      | HP: 2/54 [poisoned by a killer bee]
  9387 | D:8      | Offered knowledge of Airstrike by Vehumet.
  9390 | D:8      | Succumbed to a killer bee's poison

Action                   |  1- 3 |  4- 6 |  7- 9 | 10-12 || total
-------------------------+-------+-------+-------+-------++-------
Melee: Unarmed           |     4 |       |       |       ||     4
       Dagger            |     2 |    36 |    64 |    17 ||   119
 Cast: Magic Dart        |    49 |    40 |   135 |    58 ||   282
       Searing Ray       |     7 |     8 |    52 |    19 ||    86
       Dazzling Spray    |       |     8 |    59 |    11 ||    78
       Iskenderun's Myst |       |     3 |    10 |    19 ||    32
       Sandblast         |       |       |     4 |       ||     4
       Fulminant Prism   |       |       |    16 |     3 ||    19
       Iskenderun's Batt |       |       |     3 |     4 ||     7
       Inner Flame       |       |       |     1 |     1 ||     2
       Irradiate         |       |       |       |     6 ||     6
Evoke: Wand              |       |       |     2 |     3 ||     5
  Use: Scroll            |     6 |     3 |    12 |     8 ||    29
       Potion            |       |       |    11 |     4 ||    15
 Stab: Sleeping          |       |     1 |     5 |       ||     6
       Invisible         |       |     1 |       |       ||     1
  Eat: Chunk             |     1 |     5 |    15 |     3 ||    24
       Fruit             |       |     2 |     1 |       ||     3
       Beef jerky        |       |       |     1 |       ||     1
       Bread ration      |       |       |     1 |       ||     1
       Meat ration       |       |       |       |     1 ||     1
